 Seeded DCSS version 0.29.1-13-g9f3cf754e1 (webtiles) character file.

Game seed: 16245865983455551772 (custom seed)

4 OTABOTABOTAB the Ruffian (level 1, 12/16 HPs)
             Began as a Draconian Transmuter on Jan 27, 2023.
             Quit the game on level 1 of the Dungeon.
             The game lasted 00:00:44 (142 turns).

OTABOTABOTAB the Ruffian (Draconian Transmuter)      Turns: 142, Time: 00:00:44

Health: 12/16      AC:  7    Str: 12    XL:     1   Next: 50%
Magic:  2/3        EV: 12    Int: 13    God:
Gold:   1864       SH:  0    Dex: 11    Spells: 3/4 levels left

rFire   . . .      SeeInvis .     - Unarmed
rCold   . . .      Faith    .   (no shield)
rNeg    . . .      Spirit   .   (body armour unavailable)
rPois   .          Reflect  .   (helmet currently unavailable)
rElec   .          Harm     .   (no cloak)
rCorr   .          Rampage  .   b - +2 pair of gloves "Wiuf" {Slay+5}
Will    .....                   (boots currently unavailable)
Stlth   +.........              (no amulet)
HPRegen 0.05/turn               (no ring)
MPRegen 0.08/turn               (no ring)

@: appendages
A: horns 2, talons 2, AC +4, unfitting armour, cold-blooded
a: End Transformation


You were on level 1 of the Dungeon.
You had temporarily grown beastly horns and talons.
You visited 1 branch of the dungeon, and saw 1 of its levels.

You collected 1864 gold pieces.

Inventory:

Missiles
 s - 6 stones (quivered)
Armour
 b - the +2 pair of gloves "Wiuf" (worn) {Slay+5}
   (You acquired it on level 1 of the Dungeon)

   Slay:      It affects your accuracy & damage with ranged weapons and melee
   (+5).
Potions
 P - a potion of lignification {!q}


   Skills:
 + Level 1.2 Fighting
 + Level 1.8 Dodging
 + Level 3.0 Unarmed Combat
 + Level 2.0 Spellcasting
 + Level 2.0 Transmutations


You had 3 spell levels left.
You knew the following spells:

 Your Spells              Type           Power      Damage    Failure   Level
a - Beastly Appendage     Tmut           12%        N/A       11%         1

Your spell library contained the following spells:

 Spells                   Type           Power      Damage    Failure   Level
 Wereblood                Tmut           6%         N/A       16%         2
 Spider Form              Tmut/Pois      4%         N/A       45%         3
 Ice Form                 Ice/Tmut       4%         N/A       86%         4


Dungeon Overview and Level Annotations

Branches:
Dungeon (1/15)

Altars:


Innate Abilities, Weirdness & Mutations

You have temporarily grown beastly horns and talons.
Your plain brown scales are hard. (AC +4)
You cannot fit into any form of body armour.
You are cold-blooded and may be slowed by cold attacks.


Message History

Bad channel name for runrest: 'Jiyva says: Divide and consume' Welcome, OTABOTABOTAB the Draconian Transmuter.
Game seed: 16245865983455551772 (custom seed)
Found a sling.
Found a staircase leading out of the dungeon.
Found an escape hatch in the floor.
Found an escape hatch in the floor.
A goblin comes into view. It is wielding a +0 dagger.
A goblin is nearby!
You grow a pair of large bovine horns.
Your feet morph into talons.
You now have 2/3 mp.
A quokka comes into view.
You hit the goblin. You closely miss the goblin.
Your headbutt misses the goblin. The goblin hits you with a +0 dagger.
You take 1 damage, and have 15/16 hp.
Unknown command.
You barely miss the goblin. You claw the goblin.
You kill the goblin!
You closely miss the quokka.
Your tail-slap misses the quokka.
Your transformation is almost over.
The quokka misses you. The quokka barely misses you.
You miss the quokka. The quokka barely misses you.
You hit the quokka but do no damage.
Your tail-slap misses the quokka.
The quokka closely misses you.
You closely miss the quokka. Your kick misses the quokka.
Your headbutt misses the quokka.
The quokka bites you but does no damage.
You hit the quokka but do no damage. Your headbutt misses the quokka.
The quokka closely misses you.
You hit the quokka but do no damage. You claw the quokka.
Your headbutt misses the quokka. The quokka closely misses you.
You closely miss the quokka. Your headbutt misses the quokka.
The quokka bites you.
You take 1 damage, and have 14/16 hp.
MP restored: 3 You miss the quokka.
The quokka bites you but does no damage.
You hit the quokka. The quokka barely misses you. The quokka bites you.
You take 1 damage, and have 13/16 hp.
You hit the quokka.
You kill the quokka!
No target in view!
Your horns disappear.
Your talons disappear.
s - 6 stones (quivered)
An endoplasm comes into view.
The endoplasm quivers.
You see here 3 scrolls labelled WAC GOIFOFITOUPLEC.
Health restored: 16 An endoplasm is nearby!
You grow a pair of large bovine horns.
Your feet morph into talons.
You now have 2/3 mp.
You hit the endoplasm but do no damage.
You claw the endoplasm, but do no damage.
You headbutt the endoplasm. The endoplasm freezes you.
You are frozen.
You take 2 damage, and have 14/16 hp.
You hit the endoplasm. The endoplasm freezes you.
You are frozen.
You feel yourself slow down.
You take 3 damage, and have 11/16 hp.
You hit the endoplasm.
You kill the endoplasm!
No target in view!
a - 3 scrolls labelled WAC GOIFOFITOUPLEC This is a scroll of acquirement!
Something appears at your feet!
Your transformation is almost over.
You feel yourself speed up. Something appears at your feet!
b - the +2 pair of gloves "Wiuf" {Slay+5} Something appears at your feet!
You now have 1864 gold pieces.
You start putting on your armour.
You continue putting on the +2 pair of gloves "Wiuf" {Slay+5}. x4
Your horns disappear.
Your talons disappear.
You finish putting on the +2 pair of gloves "Wiuf" {Slay+5}.
MP restored: 3 You grow a pair of large bovine horns.
Your feet morph into talons.
You now have 2/3 mp.
You aren't carrying any pieces of jewellery.
Unknown command.

## #. #.# #
#.######..##
##.##.#.@.......
........#..#....
##.##...#..# .
#...###.#
#...#.#..
#..##.##.#
#..#...#.. ...
##.##...##.## ...
#..#.....#..#....


There were no monsters in sight!

Vanquished Creatures
  An endoplasm (D:1)
  A goblin (D:1)
  A quokka (D:1)
3 creatures vanquished.

Notes
Turn   | Place    | Note
-------+----------+-------------------------------------------
     0 | D:1      | OTABOTABOTAB the Draconian Transmuter began the quest for
                  | the Orb.
     0 | D:1      | Reached XP level 1. HP: 16/16 MP: 3/3
   131 | D:1      | Identified 3 scrolls of acquirement
   131 | D:1      | Acquired 919 gold pieces
   132 | D:1      | Acquired the +2 pair of gloves "Wiuf" {Slay+5}
   134 | D:1      | Acquired 945 gold pieces
   142 | D:1      | Quit the game

Illustrated notes

Levels and vault maps discovered:
D:1:      minmay_arrival_hallway, layout_loops_corners, basic_ecumenical_altar,
          minmay_unequal

Action                   || total
-------------------------++-------
Melee: Unarmed           ||    16
       Kick              ||     3
       Headbutt          ||     1
 Cast: Beastly Appendage ||     3
  Use: Scroll            ||     3
Armor: Skin              ||     2
Dodge: Dodged            ||     7

Table legend: (Time is in decaauts)
 A = Elapsed time spent in this place.
 B = Non-inter-level travel time spent in this place.
 C = Inter-level travel time spent in this place.
 D = Time resting spent in this place.
 E = Time spent auto-exploring this place.
 F = Levels seen in this place.
 G = Mean time per level.
                   A        B        C        D        E       F      G
               +--------+--------+--------+--------+--------+-----+--------+
         Total |    142 |    142 |      0 |      0 |    106 |   1 |  142.0 |
       Dungeon |    142 |    142 |      0 |      0 |    106 |   1 |  142.0 |
               +--------+--------+--------+--------+--------+-----+--------+

Top non-repeatable levels by time:
     D:1: 142 daAuts

Table legend:
 A = Kills in this place as a percentage of kills in entire the game.
 B = Kills by you in this place as a percentage of kills by you in the entire game.
 C = Kills by friends in this place as a percentage of kills by friends in the entire game.
 D = Other kills in this place as a percentage of other kills in the entire game.
 E = Experience gained in this place as a percentage of experience gained in the entire game.
 F = Experience gained in this place divided by the number of levels of this place that you have seen.
                   A       B       C       D       E      F
               +-------+-------+-------+-------+-------+----------------------
         Total | 100.0 | 100.0 |   N/A |   N/A | 100.0 |   6.0
       Dungeon | 100.0 | 100.0 |   N/A |   N/A | 100.0 |   6.0
               +-------+-------+-------+-------+-------+----------------------
